 Dungeon Crawl Stone Soup version 0.30-a0-1157-g2cc9ac7196 (webtiles) character file.

Game seed: 670812422054802639

161 iamoutofideas the Chopper (level 5, -3/37 (42) HPs)
             Began as a Hill Orc Reaver on Apr 25, 2023.
             Slain by a worm (10 damage)
             ... on level 2 of the Dungeon.
             The game lasted 00:02:46 (1990 turns).

iamoutofideas the Chopper (Hill Orc Reaver)         Turns: 1990, Time: 00:02:46

HP:   -3/37 (42)    AC:  5    Str: 17    XL:     5   Next: 42%
MP:   7/7           EV: 10    Int: 13    God:
Gold: 129           SH:  0    Dex:  9    Spells: 4/7 levels left

rFire   . . .        a - +0 hand axe
rCold   . . .        (no shield)
rNeg    . . .        d - +0 ring mail
rPois   .            (no helmet)
rElec   .            (no cloak)
rCorr   .            (no gloves)
SInv    .            (no boots)
Will    .....        (no amulet) Stlth
                     (no ring)
HPRegen 0.26/turn    (no ring)
MPRegen 0.10/turn

%: no passive effects
@: heavily drained
A: no striking features
a: no special abilities


You were on level 2 of the Dungeon.
You visited 1 branch of the dungeon, and saw 3 of its levels.

You collected 129 gold pieces.

Inventory:

Hand Weapons
 a - a +0 hand axe (weapon)
Armour
 b - a +0 leather armour
 d - a +0 ring mail (worn)
 j - a +0 chain mail
Scrolls
 c - 3 scrolls of identify {unknown}
 e - a scroll of butterflies {unknown}
 f - a scroll of teleportation {unknown}
 h - a scroll of blinking {unknown}
 i - a scroll of magic mapping {unknown}
 m - a scroll of noise {unknown}
Potions
 g - 2 potions of heal wounds {unknown}
 k - 2 potions of berserk rage {unknown}
 l - a potion of flight {unknown}
 n - a potion of haste {unknown}
 o - a potion of brilliance {unknown}
 p - a potion of degeneration {unknown}


   Skills:
 + Level 2.5 Fighting
 + Level 7.3 Axes
 + Level 1.0 Armour
 + Level 1.7 Dodging
 + Level 1.6 Spellcasting
 + Level 3.2 Conjurations


You had 4 spell levels left.
You knew the following spells:

 Your Spells              Type           Power      Damage    Failure   Level
a - Kiss of Death         Conj/Necr      20%        2d7       26%         1
b - Momentum Strike       Conj/Tloc      10%        3d8       36%         2

Your spell library contained the following spells:

 Spells                   Type           Power      Damage    Failure   Level
 Hailstorm                Conj/Ice       5%         3d4       58%         3
 Chain Lightning          Conj/Air       2%         3d3       100%        9
 Fire Storm               Conj/Fire      2%         8d1       100%        9
 Shatter                  Erth           0%         3d5*      100%        9


Dungeon Overview and Level Annotations

Branches:
Dungeon (3/15)

Altars:
Okawaru

Annotations:
D:2 exclusion: 2 downstairs


Message History

You closely miss Ijyb. Ijyb hits you with a +0 club.
You hit the worm but do no damage.
The worm is lightly wounded.
You hit Ijyb but do no damage. Ijyb barely misses you. The worm bites you!
* * * LOW HITPOINT WARNING * * *
Unknown command.
You hit Ijyb.
You kill Ijyb!
You hit the worm.
Your Armour skill increases to level 1!
The worm barely misses you.
Items here: ) [ ÷ †.
The kobold attacks as you move away! The kobold hits you but does no damage.
There is a stone staircase leading up here.
The kobold closely misses you.
You climb upwards.
Level annotation: exclusion: 2 downstairs
There is a stone staircase leading down here.
Unknown command.
You are too injured to fight recklessly!
You are too injured to fight recklessly!
You closely miss the kobold. You hit the worm but do no damage.
The kobold closely misses you. The worm bites you but does no damage.
You hit the kobold but do no damage. You hit the worm.
The kobold closely misses you.
You barely miss the kobold. You hit the worm. The kobold misses you.
The worm bites you but does no damage.
You closely miss the kobold. You hit the worm.
The kobold hits you but does no damage. The worm bites you but does no damage.
You closely miss the kobold. You hit the worm. The kobold closely misses you.
You hit the kobold but do no damage. You hit the worm.
The kobold hits you with a +0 short sword.
* * * LOW HITPOINT WARNING * * *
The worm bites you.
* * * LOW HITPOINT WARNING * * *
You hit the kobold but do no damage. You hit the worm but do no damage.
The kobold hits you but does no damage.
You barely miss the kobold. You hit the worm but do no damage.
The kobold hits you but does no damage. The worm bites you!
You die...

...## #######....# ####
)...########..........# ####...
..÷..........######...# ##....##
#.#.......###### #...####..#####
#..###.........####........## #
##.....##..............##### #
######..........#......# #### #
##...##......._...#### ##.#. #
###.......@.........###..#.
#########......wK.....###.....##.
........(.##...........###'#####.
.....#######...........#≈≈~≈≈###.
.....# ##........####≈~≈~≈##..
)....######.........# #~≈~≈~##.#
....................####≈~≈~≈##.#
.........#.#........##.###'####.#
(.......#..#....)......#....#.#.#


You could see a worm and a kobold.

Vanquished Creatures
  Jessica (D:3)
  Ijyb (D:3)
  Terence (D:2)
  2 adders (D:2)
  A dart slug (D:2)
  An orc (D:3)
  11 bats
  2 endoplasms (D:1)
  2 giant cockroaches
  5 goblins
  7 hobgoblins
  8 kobolds
  4 quokkas
  10 ball pythons
  A frilled lizard (D:2)
  8 rats
65 creatures vanquished.

Notes
Turn   | Place    | Note
-------+----------+-------------------------------------------
     0 | D:1      | iamoutofideas the Hill Orc Reaver began the quest for the
                  | Orb.
     0 | D:1      | Reached XP level 1. HP: 18/18 MP: 3/3
   171 | D:1      | Reached XP level 2. HP: 24/25 MP: 4/4
   469 | D:1      | Reached skill level 5 in Axes
   469 | D:1      | Reached XP level 3. HP: 30/30 MP: 5/5
   796 | D:2      | Learned a level 2 spell: Momentum Strike
   977 | D:2      | Noticed Terence
   997 | D:2      | Killed Terence
   998 | D:2      | Reached skill level 6 in Axes
   998 | D:2      | Reached XP level 4. HP: 19/35 MP: 4/6
  1203 | D:2      | Found an iron altar of Okawaru.
  1681 | D:3      | Noticed Jessica
  1688 | D:3      | Killed Jessica
  1689 | D:3      | Reached skill level 7 in Axes
  1689 | D:3      | Reached XP level 5. HP: 41/42 MP: 7/7
  1719 | D:3      | Noticed Ijyb
  1978 | D:3      | Killed Ijyb
  1979 | D:3      | Reached skill level 1 in Armour
  1990 | D:2      | Slain by a worm

Illustrated notes

Levels and vault maps discovered:
D:1:      psy_arrival_dodecagon, layout_loops_cross
D:2:      layout_rooms, basic_altar, serial_rivers,
          chequers_serial_rivers_large_a, chequers_serial_rivers_micro_e,
          chequers_serial_rivers_small_3, chequers_serial_rivers_large_b,
          chequers_serial_rivers_micro_d, chequers_serial_rivers_room_b,
          st_stairs_14, uniq_terence
D:3:      layout_rooms, ebering_ghost_disaster_area, uniq_crazy_yiuf_cottage,
          uniq_ijyb, uniq_jessica

Skill      XL: |  1  2  3  4  5 |
---------------+----------------+-----
Axes           | 5 6 7 |  7.3
Armour         | 1 |  1.0
Fighting       | |  2.5
Dodging        | |  1.7
Spellcasting   | |  1.6
Conjurations   | |  3.2

Action                     |  1- 3 |  4- 6 || total
---------------------------+-------+-------++-------
  Melee: Hand axe          |   134 |    96 ||   230
         Punch             |     1 |     3 ||     4
   Cast: Kiss of Death     |     1 |     1 ||     2
 Armour: Ring mail         |    55 |    49 ||   104
         Leather armour    |     2 |       ||     2
  Dodge: Dodged            |    77 |    65 ||   142

Table legend: (Time is in decaauts)
 A = Elapsed time spent in this place.
 B = Non-inter-level travel time spent in this place.
 C = Inter-level travel time spent in this place.
 D = Time resting spent in this place.
 E = Time spent auto-exploring this place.
 F = Levels seen in this place.
 G = Mean time per level.
                   A        B        C        D        E       F      G
               +--------+--------+--------+--------+--------+-----+--------+
         Total |   2039 |   1941 |     98 |    162 |   1265 |   3 |  679.7 |
       Dungeon |   2039 |   1941 |     98 |    162 |   1265 |   3 |  679.7 |
               +--------+--------+--------+--------+--------+-----+--------+

Top non-repeatable levels by time:
     D:2: 1200 daAuts
     D:1: 685 daAuts
     D:3: 153 daAuts
